 Dungeon Crawl Stone Soup version 0.19.4-10-g532645f (webtiles) character file.

56 Kosschaser the Grave Robber (level 3, 0/24 HPs)
             Began as a Demonspawn Necromancer on Feb 25, 2017.
             Slain by a jackal (3 damage)
             ... on level 1 of the Dungeon.
             The game lasted 00:10:22 (1582 turns).

Kosschaser the Grave Robber (DsNe)                  Turns: 1582, Time: 00:10:22

Health: 0/24       AC:  5    Str:  8    XL:     3   Next: 69%
Magic:  0/7        EV: 12    Int: 17    God:
Gold:   88         SH:  0    Dex: 13    Spells: 2 memorised, 5 levels left

rFire  . . .     SeeInvis .     (no weapon)
rCold  . . .     Gourm    .     a - +0 robe
rNeg   . . .     Faith    .     (no shield)
rPois  .         Spirit   +     (no helmet)
rElec  .         Reflect  .     (no cloak)
rCorr  .         Harm     .     (no gloves)
MR     .....                    e - +0 pair of boots
Stlth  ++........               (no amulet)
                                (no ring)
                                (no ring)

@: no status effects
A: yellow scales 1, magic shield
a: no special abilities


You were on level 1 of the Dungeon.
You were hungry.

You visited 1 branch of the dungeon, and saw 2 of its levels.

You collected 88 gold pieces.

Inventory:

Armour
 a - a +0 robe (worn)
 e - a +0 pair of boots (worn)
Scrolls
 f - a scroll of blinking {unknown}
 g - a scroll of identify {unknown}
 h - a scroll of fog {unknown}
 i - a scroll of immolation {unknown}
 j - a scroll of enchant weapon {unknown}
Books
 b - a book of Necromancy

   Spells                             Type                      Level
   a - Pain                           Necromancy                   1
   b - Animate Skeleton               Necromancy                   1
   c - Vampiric Draining              Necromancy                   3
   d - Regeneration                   Charms/Necromancy            3
   e - Animate Dead                   Necromancy                   4
   f - Control Undead                 Necromancy                   4
Comestibles
 c - a bread ration
 d - a chunk of flesh


   Skills:
 + Level 1.8 Dodging
 + Level 1.8 Stealth
 + Level 2.9 Spellcasting
 + Level 5.2 Necromancy


You had 5 spell levels left.
You knew the following spells:

 Your Spells              Type           Power        Failure   Level  Hunger
a - Pain                  Necr           ###.         1%          1    #......
b - Animate Skeleton      Necr           N/A          1%          1    #......


Dungeon Overview and Level Annotations

Branches:
Dungeon (2/15)

Altars:


Innate Abilities, Weirdness & Mutations

You are partially covered in yellow scales. (AC +2)
When hurt, damage is shared between your health and your magic reserves.


Message History

The bat hits you but does no damage.
The jackal bites you but does no damage.
There is a stone staircase leading up here.
The jackal completely misses you. The jackal bites you.
* * * LOW HITPOINT WARNING * * *
You climb upwards.
There is a stone staircase leading down here.
Casting: Pain
Confirm with . or Enter, or press ? or * to list all spells.
You don't have enough magic to cast that spell.
The jackal bites you but does no damage.
The jackal bites you but does no damage.
The jackal closely misses you.
Casting: Pain
Confirm with . or Enter, or press ? or * to list all spells.
Aiming: Pain
Press: ? - help, Shift-Dir - straight line, f - jackal
Aim: a jackal (lightly wounded, chance to defeat MR: 90%)
The jackal writhes in agony!
The jackal bites you.
You die...

#......##>.................
####......##...........###....
#.........##...........###....
#.........##........(..'.'....
#.........###..........###....
#.........# #..........# #....
#.........# #..........###....
####......# #h................
###.......# #@................
#.........###.................
#......##............>...#####
#......#######........########
####......## #......#.## #....
...'.......######......#..###....
.###.............................
.###..................#..........
..##.............................


You could see a jackal.

Vanquished Creatures
  2 adders (D:2)
  A leopard gecko (D:2)
  A ball python (D:1)
  6 bats (D:1)
  3 giant cockroaches
  A hobgoblin (D:1)
  A jackal (D:2)
  4 kobolds
  A quokka (D:2)
  3 frilled lizards
  3 goblins
  7 rats
33 creatures vanquished.

Vanquished Creatures (collateral kills)
  A bat (D:2)
  A goblin (D:1)
  A hobgoblin (D:1)
  A ball python (D:1)
  A kobold (D:1)
  2 rats (D:1)
7 creatures vanquished.

Grand Total: 40 creatures vanquished

Notes
Turn   | Place    | Note
-------+----------+-------------------------------------------
     0 | D:1      | Kosschaser the Demonspawn Necromancer began the quest for the Orb.
     0 | D:1      | Reached XP level 1. HP: 13/13 MP: 3/3
     3 | D:1      | Learned a level 1 spell: Animate Skeleton
   420 | D:1      | Gained mutation: You are partially covered in yellow scales. (AC +2) [demonic ancestry]
   420 | D:1      | Reached XP level 2. HP: 12/19 MP: 1/5
   720 | D:1      | Reached skill level 5 in Necromancy
  1227 | D:2      | Gained mutation: When hurt, damage is shared between your health and your magic reserves. [demonic ancestry]
  1227 | D:2      | Reached XP level 3. HP: 20/24 MP: 1/6
  1346 | D:2      | Found a faded altar of an unknown god.
  1582 | D:1      | Slain by a jackal

Skill      XL: |  1  2 |
---------------+-------+-----
Necromancy     | 5 |  5.2
Dodging        | |  1.8
Stealth        | |  1.8
Spellcasting   | |  2.9

Action                   || total
-------------------------++-------
Melee: Unarmed           ||     6
 Cast: Pain              ||    64
       Animate Skeleton  ||    15
  Eat: Chunk             ||     2
Armor: Robe              ||    53
Dodge: Dodged            ||    82
